AoeStats
← p1mple

Arabia

507937485Analyzed
2v2 RM · 13d ago on Sep 20, 2026· 24m 26s· 4 players
Game mode
Random Map
Map size
Medium (4 player)
Population
200
Speed
Normal
Resources
Standard
Victory
Conquest
Starting age
Dark Age
Ending age
Imperial Age
RankedLock teamsTeams togetherTeam positionsShared explorationLock speedFull tech treeHidden civsTurbo modeCheats
Victory
Defeat
🇩🇪 Franks · Germany
818
+13
🇩🇪 Cumans · Germany
788
+14
🇷🇺 Franks · Russia
773
-14
🇫🇷 Huns · France
732
-20
Prat57
9:59 Feudal Age
11:21 Wheelbarrow
15:00 Scale Barding Armor
A V A N G A R D
3:49 Loom
11:45 Feudal Age
12:15 Double-Bit Axe
12:21 Town Watch
17:37 Castle Age
17:39 Gold Mining
17:14 Man-at-Arms
18:40 Bow Saw
19:10 Squires
19:37 Pikeman
22:44 Husbandry
24:23 Padded Archer Armor
p1mple
11:23 Feudal Age
9:39 Loom
12:01 Double-Bit Axe
15:00 Wheelbarrow
17:31 Castle Age
17:58 Gold Mining
18:01 Stone Mining
18:36 Bow Saw
19:05 Scale Barding Armor
19:10 Forging
23:35 Hand Cart
[KSK] Dauntless
7:21 Loom
10:57 Feudal Age
13:43 Double-Bit Axe
19:01 Wheelbarrow
Connection lost

Rejoining the realm…

Still unreachable

The connection could not be restored.

Session expired

The server has moved on; the page needs a fresh start.